 Dungeon Crawl Stone Soup version 0.26.1-16-g4e020e15dc (webtiles) character file.

Game seed: 5995492977102814316

119 BiteMe the Firebug (level 4, -6/30 HPs)
             Began as a Demonspawn Fire Elementalist on Dec 30, 2023.
             Killed by divine providence
             ... invoked by an orc priest
              (13 damage)
             ... on level 3 of the Dungeon.
             The game lasted 00:23:55 (4462 turns).

BiteMe the Firebug (Demonspawn Fire Elementalist)   Turns: 4462, Time: 00:23:56

Health: -6/30      AC:  4    Str:  8    XL:     4   Next: 73%
Magic:  4/8        EV: 12    Int: 17    God:
Gold:   169        SH:  0    Dex: 14    Spells: 7/8 levels left

rFire    + . .     SeeInvis .   C - +2 hand axe (freeze)
rCold    . . .     Faith    .   (no shield)
rNeg     + . .     Spirit   .   a - +0 robe
rPois    +         Reflect  .   (no helmet)
rElec    .         Harm     .   (no cloak)
rCorr    .         Rampage  .   m - +0 pair of gloves
Will     .....                  A - +0 pair of boots
Stlth    ++........             (no amulet)
HPRegen  0.10/turn              j - ring of poison resistance
MPRegen  0.11/turn              w - ring of positive energy

@: no status effects
A: talons 1, fire resistance 1
a: no special abilities


You were on level 3 of the Dungeon.
You visited 1 branch of the dungeon, and saw 3 of its levels.

You collected 169 gold pieces.

Inventory:

Hand Weapons
 d - a +0 club
 f - a +0 dagger
 g - a +0 whip
 s - a +0 short sword
 v - a +0 mace
 x - a +0 war axe
 B - a +0 spear
 C - a +2 hand axe of freezing (weapon)
 D - a +0 falchion
 E - a +0 mace
Missiles
 c - 52 arrows
Armour
 a - a +0 robe (worn)
 m - a +0 pair of gloves (worn)
 p - a +0 leather armour
 q - a +0 ring mail
 r - a +0 buckler
 A - a +0 pair of boots (worn)
Jewellery
 j - a ring of poison resistance (left hand)
 w - a ring of positive energy (right hand)
Scrolls
 b - 5 scrolls of remove curse
 k - 2 scrolls of teleportation {unknown}
 l - a scroll of magic mapping {unknown}
 n - 3 scrolls of blinking {unknown}
 u - a scroll of immolation {unknown}
 y - a scroll of amnesia {unknown}
 F - a scroll of fog {unknown}
 G - a scroll of enchant weapon {unknown}
Potions
 e - a potion of curing
 h - 2 potions of resistance
 i - a potion of lignification {unknown}
 o - a potion of brilliance {unknown}
 t - 2 potions of haste
 z - a potion of attraction {unknown}


   Skills:
 - Level 0.1 Fighting
 - Level 0.6 Maces & Flails
 - Level 1.7 Dodging
 - Level 1.7 Stealth
 + Level 2.8 Spellcasting
 * Level 2.5 Conjurations
 * Level 3.8 Fire Magic


You had 7 spell levels left.
You knew the following spells:

 Your Spells              Type           Power        Failure   Level
a - Foxfire               Conj/Fire      52%          4%          1

Your spell library contained the following spells:

 Spells                   Type           Power        Failure   Level
 Conjure Flame            Conj/Fire      13%          14%         3
 Inner Flame              Hex/Fire       8%           24%         3
 Sticky Flame             Conj/Fire      13%          43%         4
 Fireball                 Conj/Fire      6%           80%         5


Dungeon Overview and Level Annotations

Branches:
Dungeon (3/15)

Altars:
Okawaru
Ru


Innate Abilities, Weirdness & Mutations

You have sharp toenails.
Your flesh is heat resistant. (rF+)


Message History

The orc barely misses you.
The orc priest mumbles some strange prayers to Beogh against you.
Beogh smites you!
* * * LOW HITPOINT WARNING * * *
You feel better. The orc barely misses you. The orc priest barely misses you.
Casting: Foxfire (safe; 4% risk of failure)
Press: ? - help, Q - select action Dir - look around, f - activate Nothing appears to happen.
The orc closely misses you. The orc priest closely misses you.
You barely miss the orc.
The orc is lightly wounded.
You closely miss the orc priest. The orc hits you with a +0 mace.
The orc priest hits you with a +0 short sword.
* * * LOW HITPOINT WARNING * * *
You hit the orc. You freeze the orc.
You kill the orc!
You hit the orc priest but do no damage.
The orc priest invokes the aid of Beogh against you.
Beogh smites you!
You die...

## #.######### #.....)oo@#
#.#######)# #. #.# #. #.#
########## #o #.#
#.........
#o#######.#######.........
#o#.......................
#.#.######.######.........
#.#.# #.# #..........


You could see an orc priest and an orc.

Vanquished Creatures
  Jessica (D:2)
  An adder (D:3)
  2 oozes
  A dart slug (D:3)
  3 leopard geckos
  2 orcs (D:3)
  A ball python (D:1)
  9 bats
  2 giant cockroaches (D:1)
  8 goblins
  9 hobgoblins
  3 jackals (D:3)
  A quokka (D:3)
  4 frilled lizards
  11 kobolds
  A leopard gecko skeleton (D:2)
  7 rats
66 creatures vanquished.

Vanquished Creatures (others)
  136 foxfires
136 creatures vanquished.

Grand Total: 202 creatures vanquished

Notes
Turn   | Place    | Note
-------+----------+-------------------------------------------
     0 | D:1      | BiteMe the Demonspawn Fire Elementalist began the quest for
                  | the Orb.
     0 | D:1      | Reached XP level 1. HP: 13/13 MP: 3/3
   321 | D:1      | Reached skill level 3 in Fire Magic
   580 | D:1      | Gained mutation: You have sharp toenails. [demonic
                  | ancestry]
   580 | D:1      | Reached XP level 2. HP: 12/19 MP: 3/5
  1317 | D:1      | Reached XP level 3. HP: 24/24 MP: 2/6
  2183 | D:2      | Found a sacrificial altar of Ru.
  2475 | D:2      | Noticed Jessica
  2482 | D:2      | Killed Jessica
  2483 | D:2      | Gained mutation: Your flesh is heat resistant. (rF+)
                  | [demonic ancestry]
  2483 | D:2      | Reached XP level 4. HP: 30/30 MP: 2/7
  3574 | D:3      | Found an iron altar of Okawaru.
  4462 | D:3      | Killed from afar by an orc priest

Illustrated notes

Levels and vault maps discovered:
D:1:      minmay_arrival_split_and_join, layout_basic,
          hangedman_abyss_or_decor_lesser_grid
D:2:      layout_loops_ring, nicolae_overflow_crystal_walls, uniq_jessica
D:3:      layout_basic, okawaru_ov_weapons_minmay

Skill      XL: |  1  2  3 |
---------------+----------+-----
Fire Magic     | 3 |  3.8
Conjurations   | 2 |  2.5
Fighting       | |  0.1
Maces & Flails | |  0.6
Dodging        | |  1.7
Stealth        | |  1.7
Spellcasting   | |  2.8

Action                   |  1- 3 |  4- 6 || total
-------------------------+-------+-------++-------
Melee: Club              |    10 |       ||    10
       Hand axe          |       |    16 ||    16
       Short sword       |       |     3 ||     3
 Cast: Foxfire           |    51 |    35 ||    86
  Use: Scroll            |     3 |     1 ||     4
       Potion            |       |     1 ||     1
Armor: Robe              |     4 |     7 ||    11
Dodge: Dodged            |    18 |    21 ||    39
